 Dungeon Crawl Stone Soup version 0.31-a0-486-g8d68a81214 (webtiles) character file.

Game seed: 5862954840117745888

82 hashsling the Digger (level 4, 0/27 HPs)
             Began as a Gargoyle Earth Elementalist on Aug 7, 2023.
             Slain by Duvessa
             ... wielding a +0 rapier
              (6 damage)
             ... on level 4 of the Dungeon.
             The game lasted 00:04:37 (2217 turns).

hashsling the Digger (Gargoyle Earth Elementalist)  Turns: 2217, Time: 00:04:37

Health: 0/27       AC:  5    Str: 14    XL:     4   Next: 43%
Magic:  3/7        EV: 12    Int: 15    God:
Gold:   110        SH:  0    Dex: 10    Spells: 4/7 levels left

rFire   . . .        d - +0 club
rCold   . . .        (no shield)
rNeg    + . .        a - +0 robe
rPois   ∞            (no helmet)
rElec   +            (no cloak)
rCorr   .            (no gloves)
SInv    +            (no boots)
Will    .....        (no amulet)
Stlth   ++           g - ring of see invisible
HPRegen 0.24/turn    (no ring)
MPRegen 0.10/turn

%: no passive effects
@: no status effects
A: sickness immunity, AC +3, negative energy resistance 1, electricity
resistance, torment resistance 1, petrification resistance
a: no special abilities


You were on level 4 of the Dungeon.
You visited 1 branch of the dungeon, and saw 4 of its levels.

You collected 110 gold pieces.

Inventory:

Hand Weapons
 d - a +0 club (weapon)
Missiles
 j - 23 stones
Armour
 a - a +0 robe (worn)
 m - a +4 scale mail
Jewellery
 g - a ring of see invisible (left hand)
Scrolls
 c - 4 scrolls of identify {unknown}
 h - a scroll of poison {unknown}
 i - a scroll of enchant weapon {unknown}
 k - a scroll of fog {unknown}
 o - a scroll of noise {unknown}
 p - a scroll of amnesia {unknown}
 q - a scroll of immolation {unknown}
Potions
 b - 2 potions of magic
 e - a potion of might {unknown}
 f - 2 potions of brilliance {unknown}
 l - a potion of invisibility {unknown}
 n - 2 potions of ambrosia {unknown}


   Skills:
 * Level 2.8 Fighting
 - Level 2.0 Dodging
 - Level 2.1 Stealth
 - Level 2.0 Spellcasting
 - Level 1.0 Transmutations
 + Level 4.6 Earth Magic


You had 4 spell levels left.
You knew the following spells:

 Your Spells              Type           Power      Damage    Failure   Level
a - Sandblast             Erth           30%        2d9       3%          1
b - Passwall              Tmut/Erth      8%         N/A       11%         2

Your spell library contained the following spells:

 Spells                   Type           Power      Damage    Failure   Level
 Stone Arrow              Conj/Erth      16%        3d8       26%         3
 Petrify                  Tmut/Erth      10%        N/A       56%         4


Dungeon Overview and Level Annotations

Branches:
Dungeon (4/15)
 Temple: D:4-7

Altars:
Wu Jian

Annotations:
D:4 Dowan, Duvessa


Innate Abilities, Weirdness & Mutations

You are immune to sickness and miasma.
Your stone body is resilient. (AC +3)
You are immune to poison.
You resist negative energy. (rN+)
You are resistant to electric shocks. (rElec)
You are resistant to unholy torment.
You are immune to petrification.


Message History

Duvessa, Sister of Dowan comes into view.
She is wielding a +0 rapier.
Aiming: Sandblast (safe; 3% risk of failure)
Press: ? - help, Q - select action, (/) - cycle Shift-Dir - straight line, f - Dowan
Aim: Dowan, wielding a +0 dagger, wearing a +2 robe of fire resistance and carrying a wand of polymorph (75% to hit)
The blast of sand hits Dowan but does no damage.
Dowan points at you and mumbles some strange words.
The puff of frost misses you.
Aiming: Sandblast (safe; 3% risk of failure)
Press: ? - help, Q - select action, (/) - cycle Shift-Dir - straight line, f - Duvessa, p - Dowan
Aim: Duvessa, wielding a +0 rapier and wearing a +0 leather armour (fast, 84% to hit)
The blast of sand hits Duvessa but does no damage.
Aiming: Sandblast (safe; 3% risk of failure)
Press: ? - help, Q - select action, (/) - cycle Shift-Dir - straight line, f/p - Duvessa
Aim: Duvessa, wielding a +0 rapier and wearing a +0 leather armour (fast, 84% to hit)
The blast of sand hits Duvessa.
Duvessa is lightly wounded.
Duvessa says, "My weaknesses are his strengths!"
Duvessa hits you but does no damage. Duvessa hits you with a +0 rapier.
There is an open door here.
Aiming: Sandblast (safe; 3% risk of failure)
Press: ? - help, Q - select action, (/) - cycle Shift-Dir - straight line, f - Dowan, p - Duvessa
Aim: Dowan, wielding a +0 dagger, wearing a +2 robe of fire resistance and carrying a wand of polymorph (75% to hit)
The blast of sand hits Duvessa but does no damage.
Duvessa is lightly wounded.
Duvessa hits you with a +0 rapier. Duvessa hits you with a +0 rapier!
* * * LOW HITPOINT WARNING * * *
Duvessa attacks as you move away! Duvessa hits you but does no damage.
Dowan says, "Stay away from my face!"
Duvessa misses you.
Aiming: Sandblast (safe; 3% risk of failure)
Press: ? - help, Q - select action, (/) - cycle Shift-Dir - straight line, f/p - Dowan
Aim: Dowan, wielding a +0 dagger, wearing a +2 robe of fire resistance and carrying a wand of polymorph (75% to hit)
The blast of sand hits Duvessa but does no damage.
Duvessa says, "I don't care about looks, I care about technique!"
Duvessa hits you but does no damage. Dowan hits you with a +0 dagger.
* * * LOW HITPOINT WARNING * * *
Dowan misses you. Duvessa hits you with a +0 rapier.
You die...

. .... #. #... ...#.#.
.......#####+#########
#..#......#..........#
..........#..........###
..........e............
##.#...####e..†......#
#...####@.........#
#.................#
#...####..........# #...
#..........# #...
##.####'#### #.# #.# .
#.# #.#
..#####.####.######.
....................


You could see Duvessa (fast) and Dowan.

Vanquished Creatures
  2 adders (D:3)
  A dart slug (D:2)
  5 worms
  An orc (D:3)
  3 endoplasms
  2 giant cockroaches
  3 goblins
  5 hobgoblins
  2 jackals (D:1)
  2 quokkas
  4 ball pythons
  3 bats
  6 frilled lizards
  5 kobolds
  3 rats
47 creatures vanquished.

Notes
Turn   | Place    | Note
-------+----------+-------------------------------------------
     0 | D:1      | hashsling the Gargoyle Earth Elementalist began the quest
                  | for the Orb.
     0 | D:1      | Reached XP level 1. HP: 10/10 MP: 3/3
   146 | D:1      | Reached skill level 1 in Transmutations
   183 | D:1      | Reached XP level 2. HP: 16/16 MP: 3/5
   186 | D:1      | Learned a level 2 spell: Passwall
   410 | D:1      | Reached skill level 1 in Fighting
   472 | D:1      | Reached skill level 4 in Earth Magic
   835 | D:2      | Reached XP level 3. HP: 20/20 MP: 3/6
  1377 | D:3      | Found an ornate altar of the Wu Jian Council.
  1701 | D:3      | Reached XP level 4. HP: 27/27 MP: 5/7
  2204 | D:4      | Noticed Dowan
  2206 | D:4      | Noticed Duvessa
  2217 | D:4      | Slain by Duvessa

Illustrated notes

Levels and vault maps discovered:
D:1:      mushboom_english_gardens, layout_loops_ring
D:2:      layout_basic
D:3:      layout_loops_cross, mainiacjoe_overflow_cross_hatched
D:4:      layout_basic, nicolae_hexahallways, uniq_edmund, uniq_duvessa,
          uniq_eustachio

Skill      XL: |  1  2  3 |
---------------+----------+-----
Transmutations | 1 |  1.0
Fighting       | 1 2 |  2.8
Earth Magic    | 4 |  4.6
Dodging        | 2 |  2.0
Stealth        | |  2.1
Spellcasting   | |  2.0

Action                     |  1- 3 |  4- 6 || total
---------------------------+-------+-------++-------
  Melee: Club              |     6 |     8 ||    14
         Punch             |     1 |       ||     1
   Cast: Sandblast         |    51 |    16 ||    67
 Armour: Robe              |     2 |     9 ||    11
  Dodge: Dodged            |     5 |    13 ||    18

Table legend: (Time is in decaauts)
 A = Elapsed time spent in this place.
 B = Non-inter-level travel time spent in this place.
 C = Inter-level travel time spent in this place.
 D = Time resting spent in this place.
 E = Time spent auto-exploring this place.
 F = Levels seen in this place.
 G = Mean time per level.
                   A        B        C        D        E       F      G
               +--------+--------+--------+--------+--------+-----+--------+
         Total |   2252 |   2133 |    119 |      0 |   1841 |   4 |  563.0 |
       Dungeon |   2252 |   2133 |    119 |      0 |   1841 |   4 |  563.0 |
               +--------+--------+--------+--------+--------+-----+--------+

Top non-repeatable levels by time:
     D:1: 835 daAuts
     D:3: 722 daAuts
     D:2: 543 daAuts
     D:4: 150 daAuts
